[Event "Late-Titled-Tuesday-Blitz-January-30-2024"]
[Site "Chess.com"]
[Date "2024.01.30"]
[Round "3"]
[White "VladimirKramnik"]
[Black "Evgeny81"]
[Result "1/2-1/2"]
[WhiteElo "2936"]
[BlackElo "2718"]
[TimeControl "180+1"]
[EndTime "14:29:53 PST"]
[Termination "Game drawn by repetition"]

1. c4 c6 2. Nf3 d5 3. d4 Nf6 4.
Nc3 a6 5. Qc2 g6 6. Bg5 dxc4 7.
e3 b5 8. a4 Bb7 9. Bxf6 exf6 10.
Be2 Bg7 11. Qe4+ Qe7 12. O-O f5 13. Qxe7+ Kxe7 14. Ne1 Nd7 15. Nc2 Rhc8 16. Bf3 Kd6 17. Rfd1 Kc7 18. g3 Nb6 19. Kg2 Bf8 20. h4 b4 21. a5 Nd5 22. Na4 Rab8 23. Nc5 Bxc5 24.
dxc5 Ba8 25. Rd4 c3 26. b3 Rb5 27. Bxd5 cxd5 28. Nxb4 Bb7 29. c6 Bxc6 30. Rc1 Rxa5 31. Rxc3 Kb7 32. Rc1 Rb5 33. Nd3 Bd7 34. Rb1 Rc3 35.
b4 Kb6 36. Ra1 Rc4 37. Nc5 Rxd4 38. exd4 Bc8 39. Ra4 a5 40. bxa5+ Rxa5 41. Rxa5 Kxa5 42. Kf3 Kb4 43. Ke3 Kc4 44. Nd3 f6 45. Nf4 Bd7 46. Nd3 Bc8 47. Nc5 Kc3 48. Na4+ Kb4 49. Nc5 Kc4 50. f3 Kb5 51. Nd3 Kc4 52. Nf4 Bd7 53.
Nd3 Bc8 54. Nc5 Kb5 55. Kd3 Kb4 56. Ke3 Kc4 57. Nd3 Kc3 58. Nf4 Kc4 59. Ne2 Bd7 60.
Nf4 Bc8 61. Ne2 Bd7 62. Nc1 Bc8 63. Nd3 Bd7 64. Nc5 Bc8 65. Na4 Kb5 66. Nb2 Kb4 67. Nd3+ Kc4 1/2-1/2

[Event "Late-Titled-Tuesday-Blitz-January-30-2024"]
[Site "Chess.com"]
[Date "2024.01.30"]
[Round "3"]
[White "Azerichess"]
[Black "GMG"]
[Result "1-0"]
[WhiteElo "3079"]
[BlackElo "2809"]
[TimeControl "180+1"]
[EndTime "14:29:55 PST"]
[Termination "Azerichess won on time"]

1. d4 f5 2. c4 Nf6 3. g3 e6 4. Bg2 d5 5. Qc2 c6 6. Nh3 Be7 7. O-O O-O 8. Nf4 a5 9. b3 a4 10. bxa4 Qa5 11. cxd5 exd5 12. Nc3 Ne4 13. Bb2 Nd7 14. f3 Nxc3 15. Bxc3 Qxa4 16. Qd2 Nb6 17.
Rfc1 Nc4 18. Qd3 Bg5 19. e4 Bxf4 20. gxf4 Be6 21. Re1 fxe4 22. fxe4 Rxf4 23. exd5 Bxd5 24. Bxd5+ cxd5 25. Re7 Raf8 26. Qg3 R4f7 27. Rxf7 Rxf7 28. Qb8+ Rf8 29. Qxb7 Ne3 30. Qe7 Re8 31. Qg5 Qc2 32.
Be1 Qd3 33. Bf2 Nf5 34. a4 Re6 35. Qd8+ Kf7 36. Qxd5 Ke7 37. Qc5+ Ke8 38. Qb5+ Qxb5 39. axb5 Rb6 40. Ra5 Nd6 41. Ra6 Nc8 42. Rxb6 Nxb6 43. Kg2 Kd7 44. Kf3 Nd5 45. Be1 Nc7 46. b6 Nd5 47.
Ba5 Kc6 48. Ke4 Nxb6 49. Bxb6 Kxb6 50. Ke5 Kc7 51. Ke6 Kd8 52. Kf7 g5 53. Kf6 g4 54.
Kg5 Kd7 55. Kxg4 Kd6 56. Kf4 Kd5 57. Ke3 h5 58. h3 h4 59. Kd3 Kd6 60. Ke4 Ke6 61.
Kf4 Kd5 62. Ke3 Kd6 63. Kf4 Kd5 64. Kg4 Kxd4 65. Kxh4 Ke5 66. Kg5 Ke6 67. Kg6 Ke7 68.
Kg7 1-0

[Event "Late-Titled-Tuesday-Blitz-January-30-2024"]
[Site "Chess.com"]
[Date "2024.01.30"]
[Round "3"]
[White "jinbojinbo"]
[Black "tusplingher"]
[Result "1/2-1/2"]
[WhiteElo "2648"]
[BlackElo "2492"]
[TimeControl "180+1"]
[EndTime "14:29:55 PST"]
[Termination "Game drawn - insufficient material"]

1. Nf3 Nf6 2. b3 b6 3. Bb2 Bb7 4. c4 c5 5. e3 e6 6. d4 d5 7. Nbd2 Nbd7 8. Be2 Be7 9. O-O O-O 10. dxc5 Nxc5 11. b4 Nce4 12. a3 Rc8 13. Rc1 Nxd2 14. Nxd2 dxc4 15. Nxc4 Nd5 16. Qb3 Bf6 17. Rfd1 Bxb2 18.
Qxb2 Qf6 19. Qxf6 Nxf6 20. Nd6 Rxc1 21. Rxc1 Bd5 22. Rc7 a5 23. Nc8 axb4 24. axb4 h6 25. f3 Kh7 26. Nxb6 Rb8 27. Bd3+ Kg8 28. Nd7 Nxd7 29.
Rxd7 Bc6 30. Rd6 Be8 31. Rd4 e5 32. Re4 f6 33. b5 Bg6 34. Bc4+ Kf8 35. Rh4 Be8 36.
Be2 Ke7 37. Kf2 Kd6 38. Rg4 g5 39. Rb4 Kc5 40. Rb1 Bxb5 41. f4 exf4 42. exf4 Rb7 43. Bxb5 Rxb5 44. Rxb5+ Kxb5 45. Kf3 Kc5 46. Ke4 Kd6 47.
Kf5 Ke7 48. Kg6 gxf4 49. h4 Ke6 50. h5 f5 51. Kxh6 Kf6 52. Kh7 Kg5 53. h6 Kg4 54. Kg6 Kg3 55. h7 Kxg2 56. h8=Q f3 57. Qa8 Kg3 58.
Kg5 f4 59. Qa3 Kg2 60. Kg4 f2 61. Qf3+ Kg1 62. Qxf4 f1=Q 63. Qd2 Qf2 64. Qd1+ Qf1 65. Qc2 Qg2+ 66. Qxg2+ Kxg2 1/2-1/2

[Event "Late-Titled-Tuesday-Blitz-January-30-2024"]
[Site "Chess.com"]
[Date "2024.01.30"]
[Round "3"]
[White "josmito10"]
[Black "Jospem"]
[Result "1-0"]
[WhiteElo "2822"]
[BlackElo "3058"]
[TimeControl "180+1"]
[EndTime "14:29:58 PST"]
[Termination "josmito10 won on time"]

1. e4 c5 2. Nf3 d6 3. Bb5+ Nd7 4. d4 cxd4 5. Qxd4 a6 6. Bxd7+ Bxd7 7. c4 Rc8 8. Nc3 e5 9. Qd3 Qc7 10. b3 b5 11. Nd2 Nf6 12. O-O Be7 13. Bb2 Qb7 14. f4 O-O 15. fxe5 dxe5 16. Nd5 Nxd5 17. exd5 f6 18. Kh1 bxc4 19. Nxc4 Bb5 20. d6 Rfd8 21. Ba3 Bf8 22. Rfd1 Qf7 23. Rac1 Rc6 24. Qf3 Rcc8 25. Qe4 Bc6 26. Qe2 Bb5 27. Qe4 h5 28. h3 Bc6 29. Qe2 Bb5 30. Qe4 Qe6 31. Kh2 f5 32. Qf3 h4 33. Qh5 e4 34. Qxh4 e3 35.
Kh1 Re8 36. Re1 e2 37. Qf2 Rcd8 38. Rc2 Qd5 39. Rcxe2 Re4 40. Rxe4 fxe4 41. Qf4 Bxc4 42. bxc4 Qxc4 43. Qxe4 Qxa2 44. Bc5 Rd7 45. Rd1 Qf7 46.
Qc6 a5 47. Qb5 Qh5 48. Rf1 Rd8 49. Qxa5 Qg5 50. Qb6 Qh4 51. Qc7 Kh7 52. Qf7 Qg5 53.
Bb4 Qg6 54. Qc7 Re8 55. d7 Qd3 56. Rg1 Rd8 57. Qxd8 Bxb4 58. Qe8 Ba5 59. Qh5+ Kg8 60. Qe8+ Kh7 61. Ra1 Bc7 62. Qh5+ Kg8 63. Ra8+ 1-0

[Event "Late-Titled-Tuesday-Blitz-January-30-2024"]
[Site "Chess.com"]
[Date "2024.01.30"]
[Round "3"]
[White "GMWSO"]
[Black "Mikhail_Bryakin"]
[Result "0-1"]
[WhiteElo "3087"]
[BlackElo "2834"]
[TimeControl "180+1"]
[EndTime "14:29:59 PST"]
[Termination "Mikhail_Bryakin won on time"]

1. b3 d5 2. Bb2 Nf6 3. Nf3 g6 4. c4 c6 5. cxd5 cxd5 6. Bxf6 exf6 7. e3 f5 8. d4 Nd7 9. g3 Nf6 10. Bg2 Bb4+ 11. Nfd2 Ne4 12. O-O O-O 13. a3 Be7 14. b4 b6 15. Re1 Ba6 16. Qb3 Rc8 17. b5 Bb7 18. Nxe4 fxe4 19. Nc3 h5 20. h4 Qd6 21.
Rec1 g5 22. hxg5 Bxg5 23. Bh3 Rcd8 24. Ne2 h4 25. g4 Rc8 26. a4 Rxc1+ 27. Rxc1 Rc8 28.
Rxc8+ Bxc8 29. Qc3 Be6 30. a5 bxa5 31. Qxa5 Qd7 32.
Kf1 Bxg4 33. Bxg4 Qxg4 34. Qxa7 Qh3+ 35. Ke1 Qh1+ 36. Kd2 Qb1 37. Qa8+ Kh7 38. Qxd5 Qd3+ 39. Ke1 Qb1+ 40. Kd2 Qd3+ 41. Kc1 Kh6 42. Qc6+ f6 43. Nc3 Qf1+ 44. Kb2 Qxf2+ 45. Kb3 h3 46. Nxe4 Qxe3+ 47. Kc4 h2 48. Nc3 Qg1 49. Qe8 h1=Q 50. b6 Qf1+ 51. Kc5 Qb7 52. Qh8+ Kg6 53. Qg8+ Kh5 54. Qh8+ Kg4 55.
Qd8 Qf4 56. Nd5 Qf3 57. Nb4 Qc3+ 58. Kb5 Qcf3 59. Qc8+ Qxc8 60. b7 Qcxb7+ 0-1

[Event "Late-Titled-Tuesday-Blitz-January-30-2024"]
[Site "Chess.com"]
[Date "2024.01.30"]
[Round "3"]
[White "cristiano78"]
[Black "malakismayil"]
[Result "0-1"]
[WhiteElo "2302"]
[BlackElo "2561"]
[TimeControl "180+1"]
[EndTime "14:30:09 PST"]
[Termination "malakismayil won by resignation"]

1. d4 Nf6 2. c4 e6 3. Nf3 d5 4.
Nc3 Be7 5. Bg5 O-O 6. e3 h6 7. Bxf6 Bxf6 8. Rc1 c5 9. cxd5 cxd4 10. Nxd4 exd5 11.
Be2 Nc6 12. Nxc6 bxc6 13. O-O Rb8 14. b3 Bf5 15. Na4 Qd6 16. Bf3 Be5 17. g3 Rbc8 18. Qd2 Bh3 19. Rfd1 Qf6 20. Bh1 Bg4 21. f3 Bh3 22. f4 Bb8 23. Nc5 Rfe8 24. e4 dxe4 25. Nxe4 Qg6 26. Nf2 Bf5 27. Re1 Red8 28.
Qe3 h5 29. Rc5 a6 30. Rxf5 Qxf5 31. Be4 Qf6 32. Qf3 g6 33. Rc1 Ba7 34. Rc2 c5 35. Kg2 Bb8 36. Bd5 Qd4 37. Bc4 Re8 38. Nh3 Qe4 39.
Re2 Qxf3+ 40. Kxf3 Rxe2 41. Kxe2 Kg7 42. Ng5 Re8+ 43. Kf3 Re7 44. Ne4 Ba7 45. Nd6 a5 46. Nc8 Rc7 47. Nxa7 Rxa7 48. Ke4 Rd7 49. Bd5 Kf6 50.
h3 Ke7 51. g4 Kd6 52. Bc4 Re7+ 53. Kf3 hxg4+ 54. hxg4 Re1 55. a4 f6 56. Bf7 g5 57.
fxg5 fxg5 58. Bc4 Ke5 59. Kf2 Rc1 60. Ke3 Rc3+ 61. Kd2 Kd4 62. Be6 Rg3 63. Kc2 Rg2+ 64. Kd1 Kc3 65. Ke1 Rb2 66. Kd1 Rxb3 67. Bxb3 Kxb3 68.
Kd2 c4 69. Ke3 c3 70. Ke4 c2 71. Kf5 c1=Q 0-1

[Event "Late-Titled-Tuesday-Blitz-January-30-2024"]
[Site "Chess.com"]
[Date "2024.01.30"]
[Round "3"]
[White "EsmeraldasAnderson03"]
[Black "MajorCoast"]
[Result "1-0"]
[WhiteElo "2412"]
[BlackElo "2213"]
[TimeControl "180+1"]
[EndTime "14:30:09 PST"]
[Termination "EsmeraldasAnderson03 won by checkmate"]

1. d4 a5 2. e4 e6 3. Nf3 Na6 4. c3 d5 5. e5 c5 6. Bd3 cxd4 7. cxd4 Nb4 8. Bb5+ Bd7 9. Be2 Rc8 10.
Na3 Qb6 11. O-O h5 12. Ng5 g6 13. Be3 Nh6 14. Rc1 Rxc1 15. Qxc1 Nxa2 16. Qb1 Nb4 17.
Rc1 Nf5 18. Rc3 Be7 19. Nf3 Nc6 20. Nb5 Bb4 21. Rc1 Nb8 22. Nc7+ Ke7 23. Bg5+ Kf8 24. Qd3 Nc6 25. Nb5 Be7 26. Bf6 Bxf6 27. exf6 Qd8 28. Ne5 Nb4 29. Qc3 Bxb5 30. Qc8 Qxc8 31. Rxc8+ Be8 32. Bb5 Nd6 33. Rb8 Nxb5 34. Nd7+ Kg8 35. Rxe8+ Kh7 36. Re7 Nd6 37. Ne5 Rf8 38. Rd7 Nf5 39.
Nxf7 Kg8 40. Ng5 Nxd4 41. Rg7+ Kh8 42. Rh7+ Kg8 43. f7+ Rxf7 44. Rxf7 b5 45. Rb7 a4 46. Kf1 Nd3 47. Nf3 Nxf3 48. gxf3 b4 49. Ke2 Nxb2 50.
Rxb4 Nc4 51. Rxa4 Kf7 52. f4 Kf6 53. h4 Kf5 54. Kf3 Nd6 55. Ra8 Ne4 56. Rf8+ Nf6 57. Rf7 e5 58. fxe5 Kxe5 59. Rg7 Kf5 60. Ra7 Ne4 61.
Ra5 Ke5 62. Ke3 Nf6 63. f4+ Ke6 64. Kf3 Ng4 65. Ra6+ Kf5 66. Rd6 Nf6 67. Rd8 Ne4 68. Rxd5+ Ke6 69. Kxe4 g5 70. Rxg5 Kf6 71. f5 Kf7 72.
Ke5 Kf8 73. Rxh5 Kg7 74. Rg5+ Kh6 75. Rg6+ Kh5 76. Kf4 Kxh4 77. Rh6# 1-0

[Event "Late-Titled-Tuesday-Blitz-January-30-2024"]
[Site "Chess.com"]
[Date "2024.01.30"]
[Round "3"]
[White "NikolaGry"]
[Black "Alexander_Donchenko"]
[Result "1/2-1/2"]
[WhiteElo "2717"]
[BlackElo "2931"]
[TimeControl "180+1"]
[EndTime "14:30:14 PST"]
[Termination "Game drawn - insufficient material"]

1. d4 d5 2. Bg5 f6 3. Bh4 Nh6 4. e3 Nf5 5. Bd3 c5 6. dxc5 e5 7. Bg3 Bxc5 8. Nc3 Bb4 9. Ne2 Nc6 10. a3 Bxc3+ 11. Nxc3 d4 12. exd4 Ncxd4 13. f3 Nxg3 14. hxg3 Bf5 15. g4 Bxd3 16. Qxd3 Qb6 17. O-O-O O-O-O 18. Ne2 Ne6 19. Qc3+ Kb8 20. Rxd8+ Rxd8 21. Rf1 Qb5 22. Re1 h6 23. b3 Rc8 24. Qb4 Qc6 25.
Qd2 a6 26. Kb2 Rd8 27. Qc3 Qb6 28. Nc1 Nf4 29. g3 Nd5 30. Qd3 Ne7 31. Qe3 Qxe3 32.
Rxe3 Rd1 33. f4 Nc6 34. Nd3 exf4 35. gxf4 Rg1 36. Nf2 Rg2 37. Re2 Nd4 38. Rd2 Nf3 39. Re2 Ng1 40. Rd2 Nh3 41. Ne4 Rxd2 42. Nxd2 Nxf4 43.
Kc3 Kc7 44. Kd4 Kc6 45. Ke4 Ne6 46. Kf5 Nf8 47. Ne4 Kd5 48. c4+ Kc6 49. b4 b6 50. a4 Nd7 51. b5+ axb5 52. axb5+ Kc7 53. Nc3 Ne5 54. Nd5+ Kb7 55. Ne3 Kc8 56. Ke6 Kc7 57. Nd5+ Kb7 58. Ne3 Ka7 59. Kd6 Kb7 60. Ke6 Nf3 61.
Kd7 Ng5 62. Kd6 Ne4+ 63. Ke6 Nf2 64. Kf7 g5 65. Kxf6 Ne4+ 66. Kg6 Kc7 67. Kxh6 Kd6 68. Kg6 Kc5 69. Kf5 Nf2 70. Kxg5 Kd4 71. Kf4 Nd3+ 72.
Kf3 Ne5+ 73. Ke2 Nxg4 74. Nxg4 Kxc4 75. Kd2 Kxb5 76. Kc3 Ka4 77. Kb2 b5 78. Ne3 b4 79.
Nd1 b3 80. Nc3+ Kb4 81. Nb1 Kc4 82. Nd2+ Kd4 83. Nxb3+ 1/2-1/2

[Event "Late-Titled-Tuesday-Blitz-January-30-2024"]
[Site "Chess.com"]
[Date "2024.01.30"]
[Round "3"]
[White "ogpin"]
[Black "GMthekingindian"]
[Result "0-1"]
[WhiteElo "2219"]
[BlackElo "2415"]
[TimeControl "180+1"]
[EndTime "14:30:20 PST"]
[Termination "GMthekingindian won on time"]

1. e4 c5 2. Nf3 d6 3. Bb5+ Nd7 4. a4 a6 5. Bc4 e6 6. Nc3 Ngf6 7. O-O Be7 8. d4 cxd4 9. Nxd4 Nc5 10. a5 Nfxe4 11. Nxe4 Nxe4 12. Re1 d5 13. Bd3 Nf6 14. Bg5 O-O 15.
Qf3 Bd7 16. Qh3 g6 17. Qh4 Re8 18. Re3 Ne4 19. Bxe7 Qxe7 20. Qxe7 Rxe7 21. Bxe4 dxe4 22. Rxe4 Rc8 23. c3 Kf8 24. Rd1 Rc5 25. Nb3 Rb5 26. Rb4 Rxb4 27. cxb4 Ke8 28. Nc5 Bc6 29. f3 e5 30. Kf2 f5 31. Rd6 Kf7 32. g3 Rc7 33.
Ke3 Be8 34. h4 Bc6 35. Rd8 Re7 36. Rh8 Kg7 37. Rb8 e4 38. fxe4 Bxe4 39. Kf4 Bc6 40. Rc8 h6 41. Rd8 Bg2 42. Rd7 Rxd7 43. Nxd7 Bc6 44.
Ne5 Bd5 45. Nd7 Bc6 46. Nc5 Kf6 47.
Nd3 g5+ 48. hxg5+ hxg5+ 49. Ke3 Bb5 50. Nc5 Bc6 51. Nd3 Be4 52. Nc5 Bg2 53. Nd7+ Ke7 54. Ne5 Ke6 55. Kd4 Bh1 56. Nd3 Kf6 57. Kc5 Be4 58.
Nf2 Bf3 59. Kd4 f4 60. gxf4 gxf4 61. Nd3 Kf5 62. Nf2 Bc6 63. Kd3 Kg5 64. Ke2 Kh4 65. Nd3 Bb5 66. Kf3 Bxd3 67. Kxf4 Bb5 68. Ke5 Kg3 69.
Kd6 Bc6 70. Kc5 Kf4 71. Kb6 Ke5 72. b5 Bxb5 73. Kxb7 Kd4 74. Kb6 Kc4 75. Kc7 Kc5 76. b4+ Kxb4 77. Kd6 Kxa5 78. Kc5 Ka4 79. Kd4 Kb3 0-1

[Event "Late-Titled-Tuesday-Blitz-January-30-2024"]
[Site "Chess.com"]
[Date "2024.01.30"]
[Round "3"]
[White "GianmarcoVaR"]
[Black "szachmistrz2500"]
[Result "0-1"]
[WhiteElo "2661"]
[BlackElo "2520"]
[TimeControl "180+1"]
[EndTime "14:30:22 PST"]
[Termination "szachmistrz2500 won by checkmate"]

1. d4 Nf6 2. Nf3 d5 3. Bf4 c5 4. e3 Nc6 5. Nbd2 Bg4 6. c3 e6 7.
Qb3 Qb6 8. Qxb6 axb6 9. Bc7 Nd7 10. Bb5 Be7 11. Ne5 Ndxe5 12. Bxe5 f6 13. Bc7 Bd8 14.
Bd6 Be7 15. Bc7 Bd8 16. Bxd8 Kxd8 17. f3 Bh5 18. Nb3 c4 19. Nd2 Ra5 20. a4 Kc7 21. e4 Bg6 22. Kf2 Raa8 23. Rhe1 Kd6 24. e5+ fxe5 25. Bxc6 bxc6 26. Rxe5 Ra7 27. f4 Rha8 28.
Rf1 Rxa4 29. Rfe1 Bf7 30. Nf3 Ra1 31. Ng5 Rxe1 32. Rxe1 Bg8 33. g4 h6 34. Nf3 Ra2 35. Re2 Bh7 36. Ke3 c5 37. Ne5 Be4 38. h4 Ra1 39. Rf2 Rh1 40. h5 Rh3+ 41. Kd2 cxd4 42. cxd4 b5 43. f5 exf5 44. gxf5 Rg3 45. f6 gxf6 46.
Rxf6+ Ke7 47. Rxh6 Rg2+ 48. Kc3 Rc2+ 49. Kb4 Rxb2+ 50.
Kc5 c3 51. Nc6+ Kf7 52. Ne5+ Kg7 53. Rc6 c2 54. Kb6 Rb1 55. h6+ Kh7 56. Nf7 c1=Q 57. Ng5+ Kg8 58. Rxc1 Rxc1 59. Kxb5 Rg1 60. h7+ Bxh7 61.
Ne6 Be4 62. Kc5 Kf7 63. Nd8+ Kf6 64. Nc6 Kf5 65. Ne7+ Kf4 66. Nxd5+ Bxd5 67. Kxd5 Rd1 68. Ke6 Ke4 69. d5 Rxd5 70. Kf6 Re5 71. Kg6 Rf5 72. Kg7 Ke5 73. Kg6 Ke6 74. Kg7 Rf6 75. Kg8 Rf7 76.
Kh8 Kf6 77. Kg8 Kg6 78. Kh8 Rf8# 0-1

[Event "Late-Titled-Tuesday-Blitz-January-30-2024"]
[Site "Chess.com"]
[Date "2024.01.30"]
[Round "3"]
[White "arctic_t00"]
[Black "kaanadayhamle"]
[Result "1-0"]
[WhiteElo "2704"]
[BlackElo "2405"]
[TimeControl "180+1"]
[EndTime "14:30:24 PST"]
[Termination "arctic_t00 won on time"]

1. d4 Nf6 2. Nf3 d5 3. c4 e6 4. Nc3 Be7 5. cxd5 exd5 6. Bf4 O-O 7. e3 c6 8. Bd3 Re8 9. h3 Nbd7 10. O-O Nf8 11. Rb1 a5 12. a3 h6 13. Qc2 Bd6 14. Bxd6 Qxd6 15. Ne5 N6d7 16. f4 f6 17. Nxd7 Bxd7 18.
Qf2 f5 19. Na4 Rad8 20. Nc5 Bc8 21. Bc2 Qf6 22. Nd3 Nd7 23. Ne5 Nb6 24. Rbe1 Nc4 25.
Bd3 Nd6 26. Kh2 Ne4 27. Bxe4 dxe4 28. g4 fxg4 29. hxg4 Rf8 30. Qg3 Be6 31. Rg1 Bd5 32. Qh3 Rde8 33. Rg3 Qe6 34. Qh5 Re7 35. Reg1 Rd8 36.
g5 Rd6 37. Rh3 Kf8 38. gxh6 Qxh6 39. Qf5+ Qf6 40. Rh8+ Bg8 41. Qc8+ Re8 42. Rxg8+ Kxg8 43. Qxe8+ Kh7 44. Qh5+ Kg8 45. Rg6 Qd8 46. Rxd6 Qxd6 47. Qf7+ Kh7 48. Qf5+ Kg8 49. Qg6 Qd5 50. Ng4 Qb3 51.
Nh6+ Kf8 52. Nf5 Qxb2+ 53. Kg3 Qxa3 54. Qxg7+ Ke8 55. Qe5+ Kd7 56. Qxe4 a4 57. Ng7 Qe7 58. Qf5+ Kc7 59. Ne6+ Kb8 60. Nc5 Qxe3+ 61. Kg4 Qxd4 62.
Qf8+ Ka7 63. Qe7 Qd1+ 64. Kf5 Qb1+ 65. Kf6 a3 66. Nxb7 Qb2+ 67. Kg5 Qb5+ 68. Kg6 Kb6 69. Nd6 Qb1+ 70. f5 a2 71. Qb7+ Kc5 72. Qa7+ Kxd6 73. Qd4+ 1-0

[Event "Late-Titled-Tuesday-Blitz-January-30-2024"]
[Site "Chess.com"]
[Date "2024.01.30"]
[Round "3"]
[White "Kildepiotr"]
[Black "rhungaski"]
[Result "1-0"]
[WhiteElo "2693"]
[BlackElo "2505"]
[TimeControl "180+1"]
[EndTime "14:30:28 PST"]
[Termination "Kildepiotr won on time"]

1. Nf3 g6 2. g3 Bg7 3. d4 d6 4. Bg2 Nf6 5. O-O O-O 6. Nbd2 c5 7. dxc5 dxc5 8. e4 Nc6 9. c3 h6 10. Qc2 Be6 11. Re1 Qc8 12. a4 Bh3 13. Nc4 Bxg2 14. Kxg2 b6 15. e5 Nd5 16. Qe4 Qe6 17. h4 Rad8 18. h5 g5 19. Bd2 f5 20. exf6 Qxf6 21. Qe6+ Kh8 22. Qxf6 exf6 23. Re6 Nce7 24. Rae1 Nc8 25.
a5 b5 26. Ne3 Nde7 27. Ra6 Rd7 28. Ng4 f5 29. Nxh6 g4 30. Ne5 Rxd2 31. Nef7+ Kh7 32. Ng5+ Kh8 33. Nhf7+ Kg8 34. h6 Rxf7 35. Nxf7 Kxf7 36. hxg7 Rd7 37. Re5 Rc7 38. g8=Q+ Kxg8 39. Rf6 Kg7 40. Rfe6 Kf7 41. f3 gxf3+ 42. Kxf3 Rd7 43. Re2 Nd6 44.
Rh6 Ne8 45. Rh7+ Ng7 46. Rh6 Ng6 47. Kf2 Kf6 48. Rh7 a6 49. Ke1 c4 50. Rd2 Re7+ 51.
Kd1 Ne5 52. Rh6+ Ng6 53. Rh7 Kf7 54. Re2 Rxe2 55. Kxe2 Ne5 56. Rh6 Ne6 57. Rh7+ Ng7 58. Rh8 Nd7 59. Ra8 Nc5 60. Ke3 Nge6 61. Ra7+ Kf6 62. Kf3 Ke5 63. Ke3 Kd5 64. Rh7 Ke5 65. Rf7 Ng5 66. Rc7 Kd6 67. Ra7 Nge4 68. Kf4 Nd3+ 69. Kxf5 Nxg3+ 70. Kg4 Ne4 71. Rxa6+ Kc5 72. Re6 Nd6 73. a6 Nxb2 74. a7 Na4 75. a8=Q Nxc3 76. Rxd6 Kxd6 77. Qf3 Nd5 78. Kf5 Kc5 79. Ke4 Nb4 80.
Qf8+ 1-0

[Event "Late-Titled-Tuesday-Blitz-January-30-2024"]
[Site "Chess.com"]
[Date "2024.01.30"]
[Round "3"]
[White "K_A_S_T_O_R"]
[Black "Korchmar_Vasiliy"]
[Result "0-1"]
[WhiteElo "2908"]
[BlackElo "2720"]
[TimeControl "180+1"]
[EndTime "14:30:29 PST"]
[Termination "Korchmar_Vasiliy won on time"]

1. e4 c5 2. Nf3 a6 3. c4 Nc6 4.
d4 cxd4 5. Nxd4 Nf6 6. Nc3 Qc7 7. Be3 e6 8. a3 b6 9. Rc1 Nxd4 10. Bxd4 Bb7 11.
Qd3 Bc5 12. Rd1 Rd8 13. Be2 d5 14. cxd5 Bxd4 15. Qxd4 exd5 16. e5 Ne4 17. Rc1 O-O 18. O-O Qc5 19. Nb5 Qe7 20. Rc7 Rd7 21. Rxd7 Qxd7 22.
Nc3 Nc5 23. Rd1 Qe6 24. Nxd5 Bxd5 25. Qxd5 Qg6 26. b4 Ne6 27. Qf3 Qc2 28. Qe3 Qb2 29.
g3 a5 30. bxa5 bxa5 31. Rd6 Qa1+ 32. Kg2 h6 33. Bc4 Qb2 34. Bxe6 fxe6 35. h4 Qb7+ 36.
Kg1 Qb1+ 37. Kh2 Qb2 38. Rd2 Qb7 39. Qd3 Qa7 40. Kg2 a4 41. f3 Qb7 42. Re2 Kh8 43. Qe4 Qa7 44. g4 Qa6 45. h5 Qb5 46. Qe3 Qa6 47.
Rd2 Qb5 48. Qe2 Qb3 49. Rd3 Qc4 50. Re3 Qc5 51. Qd3 Qc1 52. Re2 Qc5 53. Qe4 Qb5 54. Rc2 Qb3 55. Rf2 Qxa3 56. Qc4 Qb3 57. Qc5 Rb8 58. Qd6 a3 59. Qa6 Rb6 60. Qa8+ Rb8 61.
Qa6 Rb6 62. Qa5 Rb5 63. Qd8+ Kh7 64. Qd2 Rb8 65. Re2 Ra8 66. Qa2 Qb4 67. Re4 Qc5 68. Re2 Kh8 69. Qb1 Qc4 70. Qa2 Qxe2+ 71. Qxe2 a2 72. Qe4 a1=Q 73. g5 Qa2+ 74. Kg3 hxg5 75.
Qg6 Qa1 0-1

[Event "Late-Titled-Tuesday-Blitz-January-30-2024"]
[Site "Chess.com"]
[Date "2024.01.30"]
[Round "3"]
[White "AndreyNeves"]
[Black "jcmesafischer"]
[Result "0-1"]
[WhiteElo "2067"]
[BlackElo "2355"]
[TimeControl "180+1"]
[EndTime "14:30:30 PST"]
[Termination "jcmesafischer won by checkmate"]

1. d4 Nf6 2. c4 e6 3. Nf3 d5 4. g3 Be7 5. Bg2 O-O 6. O-O dxc4 7. Qc2 a6 8. a4 Bd7 9. Qxc4 Bc6 10. Bg5 Bd5 11.
Qc2 Be4 12. Qd2 Nc6 13. e3 Bb4 14. Nc3 Bxc3 15. bxc3 Qd5 16. Bxf6 Bxf3 17. Bxf3 Qxf3 18. Bg5 f6 19. Bf4 e5 20. d5 Na5 21. d6 Nb3 22. Qa2 Qd5 23. Rab1 exf4 24. Qxb3 Qxb3 25. Rxb3 fxe3 26.
dxc7 exf2+ 27. Kxf2 b5 28. axb5 axb5 29. Rxb5 Rac8 30. Rb7 Rf7 31. Rc1 Rfxc7 32. Rxc7 Rxc7 33. c4 Kf7 34. Ke3 Rd7 35. c5 Ke6 36. c6 Rc7 37.
Ke4 g6 38. g4 Kd6 39. Rf1 Rf7 40. Rc1 Re7+ 41. Kf4 Rc7 42. h4 Rxc6 43. Rd1+ Ke6 44.
Re1+ Kf7 45. Re4 Re6 46. Ra4 Re7 47. Ra6 h6 48. Rb6 g5+ 49. hxg5 hxg5+ 50. Kf3 Ra7 51. Rb3 Ra6 52. Rb7+ Ke6 53. Rb3 Ra4 54. Re3+ Kd5 55. Rd3+ Rd4 56. Re3 Rf4+ 57. Kg3 Re4 58. Rf3 Ke5 59.
Rf5+ Ke6 60. Rf3 Rd4 61. Rb3 Ke5 62. Rb6 Rd6 63. Rb5+ Ke4 64. Rf5 Rd3+ 65. Kg2 Rd6 66. Kg3 Re6 67. Rf1 Kd4 68. Rd1+ Kc5 69. Rf1 Kd5 70.
Rf5+ Ke4 71. Rf1 Rd6 72. Re1+ Kd5 73. Rf1 Ke6 74. Re1+ Kf7 75. Re3 Rd4 76. Kf3 Kg6 77.
Kg3 f5 78. gxf5+ Kxf5 79. Ra3 Rd5 80. Ra8 Rd3+ 81. Kf2 Kg4 82. Rf8 Rd2+ 83. Kg1 Kg3 84. Rg8 Rd1# 0-1

[Event "Late-Titled-Tuesday-Blitz-January-30-2024"]
[Site "Chess.com"]
[Date "2024.01.30"]
[Round "3"]
[White "Szparu"]
[Black "DenLaz"]
[Result "0-1"]
[WhiteElo "2779"]
[BlackElo "3045"]
[TimeControl "180+1"]
[EndTime "14:30:32 PST"]
[Termination "DenLaz won by checkmate"]

1. e4 c5 2. c3 d5 3. exd5 Qxd5 4. d4 Nf6 5. Nf3 e6 6. Na3 a6 7. Nc4 Nbd7 8. Be2 b5 9. Ne3 Qc6 10. O-O Bb7 11. a4 Be7 12. axb5 axb5 13. Rxa8+ Bxa8 14. dxc5 Bxc5 15. Nc2 O-O 16. Be3 Bxe3 17. Nxe3 Qb6 18. Qd4 Rb8 19. Rd1 Qc7 20. Qd6 Qxd6 21. Rxd6 Kf8 22.
Ra6 b4 23. cxb4 Bxf3 24. Bxf3 Rxb4 25. Ra2 Ne5 26. Be2 g5 27. g3 h6 28. Kg2 Ne4 29.
Ra5 Nd7 30. Rb5 Rd4 31. Bf3 Nef6 32. Bc6 Rd2 33. Bxd7 Nxd7 34. Kf3 Kg7 35. Kg2 Nf6 36. Rb4 Kg6 37. Kf1 Nd7 38. Ke1 Rd6 39. Ke2 Nc5 40. Rb5 Ne4 41. Nc4 Rd4 42. Ne5+ Kf6 43. Ng4+ Kg7 44.
Ne3 Rd2+ 45. Ke1 Rxf2 46. Rb4 Rxh2 47. Rxe4 Rxb2 48. Kf1 Kg6 49. g4 h5 50. gxh5+ Kxh5 51. Ng2 Kg6 52. Kg1 Rb6 53. Re2 f5 54. Kf2 Kf6 55. Rd2 Rb3 56. Ne3 g4 57. Rd8 Ke5 58. Nc4+ Kf4 59. Rd4+ Kg5 60. Ne5 Rb2+ 61. Kg1 f4 62.
Nf7+ Kf5 63. Nh6+ Ke5 64. Rc4 g3 65. Ng4+ Kf5 66. Nh6+ Kg5 67. Nf7+ Kg4 68. Ne5+ Kf5 69. Nd3 Rb1+ 70. Kg2 e5 71. Rc5 Ke4 72. Nxe5 Rb2+ 73. Kg1 Ra2 74. Ng6 f3 75. Rc4+ Kd3 76. Rc1 Ke3 77.
Nh4 Rh2 78. Nf5+ Kf4 79. Nxg3 Kxg3 80. Rc3 Ra2 81. Rc1 Rg2+ 82. Kf1 Rh2 83. Rc3 Rh1# 0-1

[Event "Late-Titled-Tuesday-Blitz-January-30-2024"]
[Site "Chess.com"]
[Date "2024.01.30"]
[Round "3"]
[White "Nf3c5"]
[Black "platy3"]
[Result "0-1"]
[WhiteElo "2528"]
[BlackElo "2858"]
[TimeControl "180+1"]
[EndTime "14:30:32 PST"]
[Termination "platy3 won by checkmate"]

1. d4 Nf6 2. Nf3 d5 3. e3 c5 4. dxc5 Qa5+ 5. Nbd2 Qxc5 6. a3 g6 7. b4 Qc7 8. Bb2 Bg7 9. c4 dxc4 10. Bxc4 O-O 11.
Rc1 Qd8 12. O-O Nc6 13. Qb3 Bf5 14. Rfd1 Qb8 15. h3 a5 16. Ng5 Qe8 17. e4 Bc8 18. e5 Nh5 19. e6 f6 20. Nf7 Nf4 21. b5 Na7 22. Re1 a4 23. Qe3 Bxe6 24. Qxf4 Bxf7 25. Qc7 e5 26. Qxb7 Qb8 27. Bxf7+ Rxf7 28. Qf3 Nxb5 29.
Ne4 Qb7 30. Rb1 Rb8 31. Red1 f5 32. Ng5 Qxf3 33. Nxf3 e4 34. Ne5 Rfb7 35. Nc6 Nc3 36. Nxb8 Nxd1 37. Rxd1 Bxb2 38. Nc6 Bxa3 39. Rd8+ Kg7 40. Ra8 Bd6 41. g3 a3 42. Nd8 Rb1+ 43. Kg2 Rb2 44. Ne6+ Kf6 45. Nd4 Bc5 46. Ra6+ Kf7 47. Nc6 Rxf2+ 48. Kh1 a2 49. Ne5+ Ke7 50. Nc4 Rc2 51. Ne5 Rc1+ 52. Kg2 a1=R 53. Rxa1 Rxa1 54.
Nc4 Ra2+ 55. Kh1 Ke6 56. h4 Ra3 57. Nxa3 Bxa3 58. Kg2 Bc5 59. Kf1 Bg1 60. Kg2 Bh2 61. Kxh2 h6 62. Kg2 g5 63. hxg5 hxg5 64. Kf2 Ke5 65. Ke3 g4 66. Ke2 Kd4 67. Kd2 e3+ 68. Ke2 Ke4 69. Ke1 f4 70. Kf1 fxg3 71.
Ke2 g2 72. Ke1 g1=N 73. Kf1 Nh3 74. Ke2 Nf4+ 75. Kf1 g3 76. Ke1 g2 77. Kd1 g1=N 78. Kc2 e2 79. Kd2 Nf3+ 80. Kc2 e1=B 81. Kd1 Bb4 82. Kc2 Nd4+ 83. Kd1 Kd3 84. Kc1 Bd2+ 85. Kd1 Bb4 86. Kc1 Ke2 87. Kb2 Kd2 88. Kb1 Ba3 89.
Ka2 Bc1 90. Kb1 Nd3 91. Ka2 Kc2 92. Ka1 Nb3+ 93. Ka2 Nb4# 0-1